 Dungeon Crawl Stone Soup version 0.28-a0-247-gb8bfbab023 (webtiles) character file.

Game seed: 15943128115809407768

3682 robertstho the Fighter (level 9, 0/123 HPs)
             Began as a Pale Draconian Berserker on Aug 25, 2021.
             Was an Elder of Trog.
             Slain by a seven-headed hydra (6 damage)
             ... on level 9 of the Dungeon.
             The game lasted 00:08:48 (8968 turns).

robertstho the Fighter (Pale Draconian Berserker)   Turns: 8968, Time: 00:08:50

Health: 0/123      AC:  8    Str: 23    XL:     9   Next: 90%
Magic:  9/9        EV: 12    Int:  8    God:    Trog [****..]
Gold:   220        SH:  8    Dex: 10    Spells: 8/8 levels left

rFire   x . .      SeeInvis .   v - +3 flail (holy)
rCold   + . .      Faith    .   u - +0 kite shield
rNeg    . . .      Spirit   .   (armour unavailable)
rPois   .          Reflect  .   (helmet restricted)
rElec   .          Harm     .   (no cloak)
rCorr   .          Rampage  .   r - +0 pair of gloves
Will    .....                   (no boots)
Stlth   ..........              (no amulet)
HPRegen 0.30/turn               b - ring of ice
MPRegen 0.11/turn               (no ring)

@: berserking, very quick
A: breathe steam, AC +7, unfitting armour, cold-blooded, steam resistance
a: Breathe Steam, Renounce Religion, Berserk, Trog's Hand, Brothers in Arms


You were on level 9 of the Dungeon.
You worshipped Trog.
Trog was greatly pleased with you.
You visited 1 branch of the dungeon, and saw 9 of its levels.

You collected 435 gold pieces.
You spent 215 gold pieces at shops.

Inventory:

Hand Weapons
 j - a +0 long sword
 v - a +3 flail of holy wrath (weapon)
Armour
 r - a +0 pair of gloves (worn)
 u - a +0 kite shield (worn)
Jewellery
 b - a ring of ice (left hand)
Wands
 q - a wand of flame (33)
 A - a wand of paralysis (11)
Scrolls
 a - a scroll of holy word {unknown}
 d - 4 scrolls of fog
 f - a scroll of silence
 h - a scroll of brand weapon
 i - a scroll of enchant weapon
 k - 4 scrolls of teleportation
 l - a scroll of enchant armour
 o - 3 scrolls of blinking
 s - 3 scrolls of magic mapping
Potions
 c - 3 potions of mutation {unknown}
 e - 2 potions of flight {unknown}
 g - 4 potions of attraction
 m - a potion of brilliance {unknown}
 n - 2 potions of lignification {unknown}
 p - 5 potions of curing
 t - a potion of magic {unknown}
 w - a potion of haste {unknown}
 x - a potion of invisibility {unknown}
 z - 3 potions of ambrosia {unknown}
 B - a potion of cancellation {unknown}


   Skills:
 * Level 8.7 Fighting
 + Level 8.5 Long Blades
 * Level 8.0 Dodging
 + Level 2.5 Stealth
 + Level 3.3 Shields


You had 8 spell levels left.
You didn't know any spells.
Your spell library was empty.

Dungeon Overview and Level Annotations

Branches:
Dungeon (9/15)             Temple (0/1) D:4
   Lair: D:8-11         Orc: D:9-12

Altars:
Fedhas
Gozag
Hepliaklqana
Yredelemnul
Zin

Shops:
D:4 !   D:6 *   D:7 [   D:8 (

Annotations:
D:8 1 transporter, Atlas's ghost, novice DgIE
D:9 Grum


Innate Abilities, Weirdness & Mutations

You can breathe blasts of scalding, opaque steam.
Your pale cyan-grey scales are hard. (AC +7)
You cannot fit into any form of body armour.
You are cold-blooded and may be slowed by cold attacks.
You are immune to the effects of steam.


Message History

The seven-headed hydra bites you but does no damage.
The seven-headed hydra bites you.
The seven-headed hydra bites you but does no damage.
You sock the seven-headed hydra! You tail-slap the seven-headed hydra.
The seven-headed hydra is moderately wounded.
A wolf comes into view.
Grum the Hunter comes into view.
He is wielding a +0 spear of venom.
The seven-headed hydra bites you but does no damage.
The seven-headed hydra bites you.
The seven-headed hydra barely misses you.
The seven-headed hydra bites you. x2
The seven-headed hydra closely misses you.
The seven-headed hydra bites you.
The wolf howls!
You sock the seven-headed hydra! You tail-slap the seven-headed hydra!
The seven-headed hydra is heavily wounded.
The seven-headed hydra completely misses you.
The seven-headed hydra bites you! x2
* * * LOW HITPOINT WARNING * * *
The seven-headed hydra misses you.
The seven-headed hydra barely misses you.
The seven-headed hydra bites you but does no damage.
The seven-headed hydra closely misses you.
You bludgeon the seven-headed hydra!! You tail-slap the seven-headed hydra.
The seven-headed hydra is almost dead.
The seven-headed hydra bites you but does no damage.
You block the seven-headed hydra's attack.
The seven-headed hydra barely misses you.
You block the seven-headed hydra's attack.
The seven-headed hydra bites you.
* * * LOW HITPOINT WARNING * * *
The seven-headed hydra bites you!
* * * LOW HITPOINT WARNING * * *
The seven-headed hydra bites you.
* * * LOW HITPOINT WARNING * * *
You barely miss the seven-headed hydra.
The seven-headed hydra is almost dead.
A wolf comes into view.
The seven-headed hydra bites you.
You die...

#...≈≈≈..# #...≈≈≈..###
##....⌠...##.
##............
###########..#.......##.
............###########.
..........### ##
..........# .......@..#
#######D###


#hh ###g .. .. h.. ### ... .. #.. .. #># You could see a seven-headed hydra,
Grum and 3 wolves.

Vanquished Creatures
  4 yaks (D:8)
  Edmund (D:4)
  A water moccasin (D:7)
  2 ice beasts (D:7)
  A black bear (D:7)
  3 necrophages
  3 ogres
  2 centaurs
  A kobold brigand (D:8)
  A bullfrog (D:7)
  2 scorpions (D:5)
  A wyvern zombie (D:7)
  11 killer bees
  6 howler monkeys
  2 jellies
  3 gnoll shamans
  4 hounds
  2 bullfrog skeletons
  A centaur skeleton (D:7)
  3 iguanas
  Ijyb (D:3)
  2 orc wizards
  2 killer bee zombies
  6 hound skeletons
  A howler monkey zombie (D:7)
  16 gnolls
  3 adders
  A shadow imp (D:4)
  An adder skeleton (D:4)
  3 dart slugs
  10 orcs
  3 bats
  9 endoplasms
  3 giant cockroaches
  7 goblins
  12 hobgoblins
  2 jackals (D:3)
  5 quokkas
  4 ball pythons
  4 frilled lizards
  17 kobolds
  3 rats
  A spectral orc (D:4)
170 creatures vanquished.

Vanquished Creatures (others)
  A demonic plant (D:3)
  3 fungi (D:3)
  7 plants (D:1)
11 creatures vanquished.

Grand Total: 181 creatures vanquished

Notes
Turn   | Place    | Note
-------+----------+-------------------------------------------
     0 | D:1      | robertstho the Draconian Berserker began the quest for the
                  | Orb.
     0 | D:1      | Reached XP level 1. HP: 19/19 MP: 1/1
   203 | D:1      | Reached XP level 2. HP: 16/26 MP: 2/2
   769 | D:2      | Reached XP level 3. HP: 27/33 MP: 3/3
   918 | D:2      | Noticed a necrophage
   927 | D:2      | Killed a necrophage
   928 | D:2      | Reached XP level 4. HP: 40/41 MP: 4/4
  1154 | D:2      | Found a hazy altar of Hepliaklqana.
  1255 | D:3      | Found a faded altar of an unknown god.
  1270 | D:3      | Reached ** piety under Trog
  1369 | D:3      | Reached XP level 5. HP: 47/47 MP: 5/5
  1646 | D:3      | Found a glowing silver altar of Zin.
  1873 | D:3      | Noticed Ijyb
  1890 | D:3      | Killed Ijyb
  2387 | D:4      | Reached XP level 6. HP: 55/55 MP: 6/6
  2448 | D:4      | Reached skill level 5 in Fighting
  2448 | D:4      | Reached skill level 5 in Long Blades
  2759 | D:4      | Your scales start taking on a pale cyan-grey colour.
  2759 | D:4      | Reached XP level 7. HP: 55/61 MP: 7/7
  2759 | D:4      | Gained mutation: You are immune to the effects of steam.
                  | [Pale Draconian growth]
  2808 | D:4      | Reached *** piety under Trog
  2887 | D:4      | Found a basalt altar of Yredelemnul.
  3068 | D:4      | Noticed Edmund
  3084 | D:4      | Killed Edmund
  3085 | D:4      | Reached skill level 5 in Dodging
  3085 | D:4      | Reached skill level 1 in Stealth
  3334 | D:4      | Found a staircase to the Ecumenical Temple.
  3378 | D:4      | Found Zud Xyos's Distillery.
  3387 | D:4      | Bought a potion of curing for 30 gold pieces
  3387 | D:4      | Bought 2 potions of heal wounds for 100 gold pieces
  3656 | D:5      | Entered Level 5 of the Dungeon
  4496 | D:5      | Reached XP level 8. HP: 51/70 MP: 8/8
  4772 | D:4      | Bought 2 potions of degeneration for 20 gold pieces
  4811 | D:6      | Found Vanonop's General Store.
  4866 | D:6      | Reached skill level 1 in Shields
  5225 | D:6      | Found an opulent altar of Gozag.
  6125 | D:6      | Bought a potion of attraction for 39 gold pieces
  6125 | D:6      | Bought a scroll of identify for 26 gold pieces
  6386 | D:7      | Found Woselaj's Armour Shop.
  6475 | D:7      | Reached XP level 9. HP: 67/79 MP: 9/9
  6590 | D:7      | Reached **** piety under Trog
  8161 | D:8      | Found a blossoming altar of Fedhas.
  8596 | D:8      | Found Agoefo Fevi's Weapon Emporium.
  8784 | D:8      | Found a transporter.
  8784 | D:8      | Identified the +5 great mace of Kismet {flame, rElec MP+9
                  | Str-4 Int+5}
  8784 | D:8      | Noticed Atlas's ghost (novice DgIE)
  8961 | D:9      | Noticed a seven-headed hydra
  8965 | D:9      | Noticed Grum
  8967 | D:9      | HP: 6/123 [seven-headed hydra (4)]
  8968 | D:9      | Slain by a seven-headed hydra

Illustrated notes

Levels and vault maps discovered:
D:1:      sevenhm_arrival_forest_fort_small_3, layout_rooms,
          lexackson_kobold_supper
D:2:      layout_rooms, basic_altar, minmay_misc_feat_iff
D:3:      layout_loops_ring, zin_treasury, shapermc_ecumenical_altar_gd,
          uniq_ijyb
D:4:      minmay_recursive_quarters, layout_cave_pods,
          yredelemnul_forgotten_temple_becter, minmay_temple_entry_junction_2,
          serial_shops, nicolae_shop_behind_doors, uniq_edmund
D:5:      layout_gridville
D:6:      layout_gridville, mainiacjoe_overflow_alcove_2, serial_shops,
          nicolae_inconvenience_store, grunt_decor_junction
D:7:      layout_basic, serial_glass, glass_columns_c, glass_columns_c,
          glass_columns_b, glass_columns_b, glass_columns_a, glass_columns_c,
          minmay_strange_pillars, serial_shops, shop_fountains,
          minmay_quadrilaterals
D:8:      layout_rooms, mainiacjoe_overflow_paths, serial_shops,
          nicolae_shop_statue_plus, gammafunk_ghost_smash
D:9:      layout_rooms, mainiacjoe_overflow_swirl, serial_park_tiny_pond,
          uniq_grum

Skill      XL: |  1  2  3  4  5  6  7  8  9 |
---------------+----------------------------+-----
Dodging        | 3 4 5 6 8 |  8.0
Fighting       | 4 5 6 7 8 |  8.7
Long Blades    | 4 5 6 7 8 |  8.5
Stealth        | 1 2 |  2.5
Shields        | 2 3 |  3.3

Action                   |  1- 3 |  4- 6 |  7- 9 || total
-------------------------+-------+-------+-------++-------
Melee: Falchion          |    52 |       |       ||    52
       Tailslap          |     6 |    21 |    64 ||    91
       Long sword        |    14 |   128 |   374 ||   516
       Flail             |       |       |     4 ||     4
Invok: Berserk           |     1 |     5 |    13 ||    19
       Trog's Hand       |       |       |     1 ||     1
 Abil: Breathe Steam     |       |       |     1 ||     1
  Use: Scroll            |       |     3 |     6 ||     9
       Potion            |       |       |     2 ||     2
 Stab: Sleeping          |       |       |     4 ||     4
Armor: Skin              |    31 |    46 |   153 ||   230
Dodge: Dodged            |    42 |    90 |   252 ||   384
Block: Kite shield       |       |       |   144 ||   144
       Rpst.: Falchion   |    11 |       |       ||    11
       Long sword        |     2 |    25 |    68 ||    95

Table legend: (Time is in decaauts)
 A = Elapsed time spent in this place.
 B = Non-inter-level travel time spent in this place.
 C = Inter-level travel time spent in this place.
 D = Time resting spent in this place.
 E = Time spent auto-exploring this place.
 F = Levels seen in this place.
 G = Mean time per level.
                   A        B        C        D        E       F      G
               +--------+--------+--------+--------+--------+-----+--------+
         Total |   9250 |   8841 |    409 |    712 |   6734 |   9 | 1027.8 |
       Dungeon |   9250 |   8841 |    409 |    712 |   6734 |   9 | 1027.8 |
               +--------+--------+--------+--------+--------+-----+--------+

Top non-repeatable levels by time:
     D:7: 1973 daAuts
     D:4: 1465 daAuts
     D:6: 1460 daAuts
     D:5: 1168 daAuts
     D:3: 1047 daAuts
     D:8: 792 daAuts
     D:1: 769 daAuts
     D:2: 507 daAuts
     D:9: 66 daAuts
